 Dungeon Crawl Stone Soup version 0.23.1 (webtiles) character file.

Game seed: 6172193050475757667

150593 Honti the Bludgeoner (level 16, -7/149 HPs)
             Began as a Minotaur Berserker on Mar 13, 2019.
             Was a High Priest of Trog.
             Killed from afar by Aizul (43 damage)
             ... with a bolt of poison
             ... on level 2 of the Snake Pit.
             The game lasted 01:06:39 (35291 turns).

Honti the Bludgeoner (Minotaur Berserker)          Turns: 35291, Time: 01:06:39

Health: -7/149     AC: 28    Str: 29    XL:     16   Next: 99%
Magic:  16/16      EV: 13    Int:  4    God:    Trog [*****.]
Gold:   2171       SH: 14    Dex: 10    Spells: 15/15 levels left

rFire    + + .     SeeInvis .   y - +9 eveningstar (freeze)
rCold    + . .     Gourm    .   Q - +0 shield
rNeg     . . .     Faith    .   B - +4 plate armour {MR+}
rPois    .         Spirit   .   K - +2 hat
rElec    .         Reflect  .   G - scarf {rC+ rF+}
rCorr    .         Harm     .   S - +0 pair of gloves
MR       ++...                  Y - +0 pair of boots
Stlth    ..........             (no amulet)
HPRegen  0.34/turn              j - +2 ring of protection
MPRegen  0.15/turn              I - ring of protection from fire

@: lethally poisoned (-7 -> -53)
A: retaliatory headbutt, horns 2, blurry vision 1
a: Berserk, Trog's Hand, Brothers in Arms, Renounce Religion


You were on level 2 of the Snake Pit.
You worshipped Trog.
Trog was extremely pleased with you.
You were near starving.

You visited 4 branches of the dungeon, and saw 25 of its levels.

You collected 2557 gold pieces.
You spent 386 gold pieces at shops.

Inventory:

Hand Weapons
 w - a +5 dire flail of venom
 y - a +9 eveningstar of freezing (weapon)
 N - a +3 demon whip of electrocution
 O - a +3 antimagic great mace
Armour
 B - a +4 plate armour of magic resistance (worn)
 G - a scarf of resistance (worn)
 K - a +2 hat (worn)
 Q - a +0 shield (worn)
 S - a +0 pair of gloves (worn)
 Y - a +0 pair of boots (worn)
Jewellery
 j - a +2 ring of protection (left hand)
 E - an uncursed ring of resist corrosion
 H - an uncursed ring of ice
 I - a ring of protection from fire (right hand)
 L - a +2 ring of evasion
Wands
 h - a wand of acid (14)
 k - a wand of flame (34)
 r - a wand of paralysis (7)
 v - a wand of polymorph (11)
 C - a wand of disintegration (16)
 P - a wand of enslavement (6)
 R - a wand of random effects (43)
 U - a wand of iceblast (8)
 V - a wand of digging (5)
Scrolls
 d - 5 scrolls of identify
 f - 3 scrolls of fog
 m - 3 scrolls of fear
 n - 4 scrolls of magic mapping
 q - 3 scrolls of teleportation
 t - a scroll of summoning {unknown}
 x - 9 scrolls of remove curse
 M - a scroll of holy word {unknown}
 W - a scroll of torment
 X - 2 scrolls of silence
Potions
 a - 2 potions of cancellation
 b - 4 potions of curing
 e - 4 potions of heal wounds
 g - 5 potions of haste
 i - 3 potions of magic
 l - 4 potions of lignification
 o - 4 potions of flight
 s - 2 potions of berserk rage
 u - 4 potions of mutation
 z - 2 potions of brilliance
 A - 2 potions of invisibility
 D - a potion of agility
 F - 2 potions of might
 J - a potion of ambrosia
 T - a potion of resistance {unknown}
Comestibles
 c - 23 rations
 p - 2 chunks of flesh


   Skills:
 + Level 15.1 Fighting
 - Level 20.0 Maces & Flails
 + Level 15.7 Armour
 + Level 13.0 Dodging
 - Level 0.9 Stealth
 - Level 15.0 Shields
 + Level 2.2 Evocations


You had 15 spell levels left.
You didn't know any spells.
Your spell library was empty.

Dungeon Overview and Level Annotations

Branches:
Dungeon (15/15)            Temple (0/1) D:6            Lair (6/6) D:8
 Shoals (0/4) Lair:4        Snake (2/4) Lair:3        Slime (0/5) Lair:6
    Orc (2/2) D:9             Elf (0/3) Orc:2        Vaults (0/5) D:13
 Depths (0/5) D:15

Altars:
Ashenzari
Cheibriados
Elyvilon
Gozag
Nemelex Xobeh
Ru
Trog
Uskayaw
Yredelemnul

Shops:
D:6 *   D:10 [   D:14 :   Orc:1 =   Orc:2 %::!   Snake:1 (*

Annotations:
D:4 3 runed translucent doors, cada's ghost, novice OpFi
Lair:6 exclusion: 2 oklob plants
Snake:2 Aizul; Asterion
Orc:2 2 transporters, PeterQ's ghost, adept TeGl


Innate Abilities, Weirdness & Mutations

You reflexively headbutt those who attack you in melee.
You have a pair of horns on your head.
Scrolls take you a little longer to read.


Message History

Your troll's corpse disappears in a puff of smoke!
Aizul says, "Sweet dreams!"
Aizul coils herself and waves her upper body at you.
You fall asleep.
Aizul coils herself and waves her upper body at you.
The poison arrow hits you!
You are poisoned.
You wake up.
* * * LOW HITPOINT WARNING * * *
You completely miss Aizul.
You feel sick. Aizul casts a spell at you. The bolt of poison hits you!!
You are more poisoned.
* * * LOW HITPOINT WARNING * * *
You feel much better.
You feel very sick. Aizul casts a spell at you. The bolt of poison hits you!!!
You are lethally poisoned!
You die...

###. ##. ...# ###. ....
#..# ... ^..# ##..# ..#
... ###...# ..# #.##
###(....# #.#
#.###.....()#######.##
#......H.##(.H.......#
..
##...S@.####)((()(.%)..
.... #...#..##
#..))#####... ....#
##..###..#.........?....
.....## #..##
##...###..........
.......##.## ##.##
##..####### ..........#
### #..# ........†##
##.# ..#......# ..
#(.......## #.#


You could see Aizul and Asterion.

Vanquished Creatures
  Vashnia (Snake:2)
  Rupert (Lair:3)
  Jorgrun (Orc:2)
  Gastronok (Lair:3)
  A dire elephant (Lair:3)
  Azrael (Orc:2)
  Snorg (Orc:2)
  A yaktaur captain (D:15)
  Fannar (Lair:3)
  9 hydras
  3 naga warriors
  A catoblepas (D:14)
  A merfolk avatar (Lair:6)
  7 two-headed ogres
  8 centaur warriors
  A death knight (D:15)
  An anaconda (Snake:1)
  7 death yaks
  An ogre mage (D:15)
  A shock serpent (Snake:2)
  Urug (Lair:5)
  7 naga sharpshooters
  6 orc high priests
  A skeletal warrior (D:13)
  A sea snake (Lair:6)
  2 wizards
  A deep troll (D:13)
  2 naga ritualists (Snake:1)
  An unseen horror (D:15)
  A lindwurm (Lair:5)
  A wolf spider zombie (D:15)
  2 harpies (Lair:6)
  7 orc knights
  5 orc sorcerers
  21 ugly things
  3 salamanders
  5 mana vipers
  3 deep elf magi
  3 cyclopes
  4 manticores
  A salamander (shapeshifter) (D:13)
  2 merfolk sirens (Lair:4)
  30 elephants
  21 black mambas
  2 centaur zombies
  3 gargoyles
  2 naga magi
  A torpor snail (Lair:5)
  15 spiny frogs
  9 rime drakes
  8 komodo dragons (Lair:6)
  2 freezing wraiths
  A kobold demonologist (D:14)
  A komodo dragon (shapeshifter) (D:13)
  A yaktaur (shapeshifter) (D:13)
  A yaktaur (D:15)
  A queen bee (Lair:5)
  6 meliai
  5 polar bears
  14 trolls
  A hornet (Lair:6)
  2 merfolk (Lair:4)
  9 blink frogs
  A meliai zombie (D:13)
  9 slime creatures
  12 hippogriffs
  Sigmund (D:2)
  2 shadows
  2 vampires
  A tarantella (shapeshifter) (D:7)
  2 spriggans
  7 wyverns
  A yak (shapeshifter) (D:14)
  2 fire elementals (Orc:2)
  34 yaks
  10 basilisks
  4 hungry ghosts
  A steam dragon (D:10)
  4 vampire mosquitoes (D:15)
  Edmund (D:5)
  2 acid dragons
  11 nagas
  4 wargs
  15 water moccasins
  4 hell hounds (Orc:2)
  9 porcupines
  9 ice beasts
  3 phantoms
  39 orc warriors
  4 sky beasts
  An eye of draining (D:12)
  2 necrophages
  11 ogres
  5 wolves
  22 centaurs
  20 crocodiles
  5 big kobolds
  18 bullfrogs
  A wyvern skeleton (D:13)
  8 scorpions
  33 killer bees
  A water moccasin skeleton (D:7)
  3 wights (D:13)
  3 electric eels
  4 howler monkeys
  8 crimson imps
  4 bullfrog zombies
  A quasit (D:7)
  14 hounds
  9 centaur skeletons
  7 jellies
  26 orc priests
  22 orc wizards
  2 bullfrog skeletons
  4 iguanas
  Terence (D:2)
  9 worker ants
  3 bullfrog simulacra (D:8)
  A hound skeleton (D:6)
  A killer bee simulacrum (D:8)
  2 worker ant zombies
  4 gnolls
  20 adders
  A river rat (Lair:5)
  A hound simulacrum (D:8)
  7 shadow imps
  17 white imps
  A worker ant simulacrum (D:8)
  4 ufetubi (D:8)
  4 oozes
  2 adder skeletons
  2 adder zombies
  4 worms
  3 dart slugs (D:1)
  5 leopard geckos
  88 orcs
  2 ball pythons
  8 bats
  3 giant cockroaches
  11 goblins
  7 hobgoblins
  4 jackals (D:3)
  9 quokkas
  7 frilled lizards
  26 kobolds
  A leopard gecko simulacrum (D:8)
  A leopard gecko zombie (D:7)
  2 quokka skeletons (D:6)
  5 rats
958 creatures vanquished.

Vanquished Creatures (collateral kills)
  An orc warlord (Orc:1)
  A minotaur (Lair:1)
  The ghost of Gargoyl the Envoy of Void, a journeyman CeAK of Lugonu (Lair:1)
  An orc high priest (Orc:2)
  An orc knight (Orc:2)
  A hippogriff (D:11)
  4 orc warriors
  A centaur (D:11)
  5 orc priests
  An orc wizard (D:11)
  An iguana (D:11)
  7 orcs
  A quokka (D:11)
26 creatures vanquished.

Vanquished Creatures (others)
  A komodo dragon (Lair:6)
  A water moccasin (Lair:6)
  A crocodile (Lair:6)
  A killer bee (Lair:5)
  An orc priest (Orc:2)
  56 fungi
  45 plants
106 creatures vanquished.

Grand Total: 1090 creatures vanquished

Notes
Turn   | Place    | Note
-------+----------+-------------------------------------------
     0 | D:1      | Honti the Minotaur Berserker began the quest for the Orb.
     0 | D:1      | Reached XP level 1. HP: 19/19 MP: 0/0
    40 | D:1      | Reached skill level 4 in Maces & Flails
    40 | D:1      | Reached XP level 2. HP: 18/27 MP: 1/1
   502 | D:1      | Reached XP level 3. HP: 24/33 MP: 2/2
   824 | D:2      | Reached ** piety under Trog
   943 | D:2      | Reached skill level 5 in Maces & Flails
  1282 | D:2      | Noticed Terence
  1291 | D:2      | Killed Terence
  1291 | D:2      | Reached XP level 4. HP: 36/40 MP: 3/3
  1513 | D:2      | Noticed Sigmund
  1522 | D:2      | Killed Sigmund
  1522 | D:2      | Reached skill level 6 in Maces & Flails
  1522 | D:2      | Reached XP level 5. HP: 47/47 MP: 4/4
  1684 | D:2      | Reached XP level 6. HP: 47/53 MP: 5/5
  1686 | D:2      | Reached skill level 7 in Maces & Flails
  1871 | D:3      | Found an opulent altar of Gozag.
  2442 | D:4      | Found a runed translucent gate.
  2443 | D:4      | Found a runed translucent gate.
  2447 | D:4      | Found a runed translucent gate.
  2448 | D:4      | Identified the +5 whip of the First Dances {pain, +Inv rC+
                  | Dex-5}
  2448 | D:4      | Noticed cada's ghost (novice OpFi)
  2582 | D:4      | Reached skill level 5 in Fighting
  2745 | D:4      | Reached skill level 8 in Maces & Flails
  2747 | D:4      | Reached *** piety under Trog
  2747 | D:4      | Reached XP level 7. HP: 25/61 MP: 6/6
  3690 | D:5      | Entered Level 5 of the Dungeon
  3819 | D:5      | Found a basalt altar of Yredelemnul.
  3867 | D:5      | Reached skill level 9 in Maces & Flails
  4632 | D:5      | Noticed Edmund
  4646 | D:5      | Killed Edmund
  4646 | D:5      | Reached XP level 8. HP: 70/70 MP: 7/7
  4777 | D:6      | Reached skill level 10 in Maces & Flails
  4777 | D:6      | Reached skill level 5 in Armour
  5097 | D:6      | Found a sacrificial altar of Ru.
  5099 | D:6      | You fall through a shaft!
  5112 | D:7      | Reached skill level 11 in Maces & Flails
  5184 | D:7      | Reached XP level 9. HP: 51/75 MP: 8/8
  5706 | D:7      | Reached **** piety under Trog
  5913 | D:8      | Noticed a polar bear
  5974 | D:6      | Reached skill level 12 in Maces & Flails
  6034 | D:6      | Found a shattered altar of Ashenzari.
  6035 | D:6      | Found a snail-covered altar of Cheibriados.
  6035 | D:6      | Found a white marble altar of Elyvilon.
  6036 | D:6      | Found an opulent altar of Gozag.
  6153 | D:6      | Found Ygum's General Store.
  6159 | D:6      | Bought a scroll of identify for 26 gold pieces
  6287 | D:6      | Found a staircase to the Ecumenical Temple.
  6659 | D:8      | Noticed a two-headed ogre
  6661 | D:8      | Found a staircase to the Lair.
  7003 | D:7      | Killed a two-headed ogre
  7003 | D:7      | Reached skill level 13 in Maces & Flails
  7003 | D:7      | Reached XP level 10. HP: 73/86 MP: 9/9
  7781 | D:8      | Reached skill level 14 in Maces & Flails
  8063 | D:7      | Noticed an orc knight
  8063 | D:7      | Noticed a cyan ugly thing
  8085 | D:7      | Killed a cyan ugly thing
  8094 | D:7      | Killed an orc knight
  8432 | D:8      | Noticed a death yak
  8454 | D:8      | Killed a death yak
  8454 | D:8      | Reached skill level 15 in Maces & Flails
  8459 | D:8      | Reached XP level 11. HP: 89/95 MP: 10/10
  8831 | D:8      | Reached ***** piety under Trog
  8831 | D:8      | Reached skill level 5 in Dodging
  9138 | D:8      | Found a hide-covered altar of Uskayaw.
  9141 | D:8      | Noticed a +0 hand axe
  9141 | D:8      | Noticed a +0 hand axe
  9514 | D:9      | Found a sparkling altar of Nemelex Xobeh.
  9665 | D:9      | Reached skill level 10 in Armour
 10105 | D:9      | Found a sacrificial altar of Ru.
 10148 | D:9      | Found a staircase to the Orcish Mines.
 10296 | D:10     | Entered Level 10 of the Dungeon
 10404 | D:10     | Found Uwkuss's Antique Armour Shoppe.
 10860 | D:11     | Noticed a six-headed hydra
 10865 | D:11     | Killed a six-headed hydra
 10879 | D:11     | Reached skill level 16 in Maces & Flails
 11801 | D:12     | Noticed a two-headed ogre
 11806 | D:12     | Killed a two-headed ogre
 11806 | D:12     | Reached ****** piety under Trog
 11829 | D:12     | Reached skill level 10 in Fighting
 11829 | D:12     | Reached XP level 12. HP: 29/106 MP: 11/11
 12818 | D:12     | Received a gift from Trog
 13013 | D:12     | Noticed a two-headed ogre
 13016 | D:12     | Killed a two-headed ogre
 13016 | D:12     | Reached skill level 17 in Maces & Flails
 13298 | D:12     | Noticed a centaur warrior
 13308 | D:12     | Killed a centaur warrior
 14556 | Lair:1   | Entered Level 1 of the Lair of Beasts
 14564 | Lair:1   | Noticed a four-headed hydra
 14577 | Lair:1   | Killed a four-headed hydra
 14843 | Lair:1   | Noticed a seven-headed hydra
 14848 | Lair:1   | Killed a seven-headed hydra
 15055 | Lair:1   | Found a runed translucent gate.
 15055 | Lair:1   | Found a runed translucent gate.
 15056 | Lair:1   | Found a runed translucent gate.
 15187 | Lair:1   | Noticed Gargoyl's ghost (journeyman CeAK)
 15188 | Lair:1   | Noticed a minotaur
 15319 | Lair:1   | Reached XP level 13. HP: 88/116 MP: 12/12
 15325 | Lair:1   | Killed Gargoyl's ghost
 15325 | Lair:1   | Received a gift from Trog
 15340 | Lair:1   | Killed a minotaur
 15499 | Lair:2   | Reached skill level 18 in Maces & Flails
 16928 | Lair:3   | Noticed Gastronok
 17716 | Lair:3   | Noticed Fannar
 17739 | Lair:3   | Killed Fannar
 18012 | Lair:3   | Noticed a dire elephant
 18024 | Lair:3   | Killed a dire elephant
 18267 | Lair:3   | Found a staircase to the Snake Pit.
 18306 | Lair:3   | Noticed Rupert
 18316 | Lair:3   | Killed Rupert
 18360 | Lair:3   | Reached skill level 10 in Dodging
 18504 | Lair:3   | Reached skill level 19 in Maces & Flails
 18580 | Lair:3   | Killed Gastronok
 18665 | Lair:3   | Reached XP level 14. HP: 88/127 MP: 13/13
 19457 | Lair:4   | Received a gift from Trog
 19466 | Lair:4   | Found a staircase to the Shoals.
 21611 | Lair:5   | Noticed Urug
 21620 | Lair:5   | Killed Urug
 21721 | Lair:5   | Reached skill level 20 in Maces & Flails
 22337 | Lair:6   | Entered Level 6 of the Lair of Beasts
 22667 | Lair:6   | Received a gift from Trog
 22667 | Lair:6   | Reached skill level 1 in Shields
 23480 | Lair:6   | Found a staircase to the Slime Pits.
 23488 | Lair:6   | Reached XP level 15. HP: 120/137 MP: 14/14
 24463 | Lair:6   | Received a gift from Trog
 24875 | Orc:1    | Entered Level 1 of the Orcish Mines
 25415 | Orc:1    | Paralysed by an orc sorcerer for 3 turns
 25520 | Orc:1    | Reached skill level 5 in Shields
 25557 | Orc:1    | Found Soklal's Jewellery Emporium.
 25991 | Orc:2    | Entered Level 2 of the Orcish Mines
 26002 | Orc:2    | Identified the cursed +1 eveningstar "Qauhyuq" {vamp,
                  | Dex+4}
 26004 | Orc:2    | Identified the cursed +1 broad axe of Honti's
                  | Disembowelment {antimagic, *Drain rPois Int+4 Dex+4}
 26012 | Orc:2    | Noticed PeterQ's ghost (adept TeGl)
 26014 | Orc:2    | Found a transporter.
 26017 | Orc:2    | Found a bloodstained altar of Trog.
 26068 | Orc:2    | Noticed an orc warlord
 26709 | Orc:1    | Killed an orc warlord
 26792 | Orc:2    | Received a gift from Trog
 26816 | Orc:2    | Noticed Jorgrun
 26828 | Orc:2    | Killed Jorgrun
 26828 | Orc:2    | Reached skill level 15 in Armour
 26967 | Orc:2    | Found a staircase to the Elven Halls.
 26976 | Orc:2    | Noticed Azrael
 26997 | Orc:2    | Killed Azrael
 27049 | Orc:2    | Found a transporter.
 27547 | Orc:2    | Noticed Snorg
 27857 | Orc:2    | Killed Snorg
 28109 | Orc:2    | Paralysed by a chaos spawn for 4 turns
 28675 | Orc:2    | Gained mutation: Scrolls take you a little longer to read.
                  | [a neqoxec]
 28957 | Orc:2    | Found Pantose's Distillery.
 28957 | Orc:2    | Found Quseqadi's Food Shoppe.
 28958 | Orc:2    | Found Xeduq's Book Shoppe.
 28958 | Orc:2    | Found Nunaen's Book Emporium.
 28975 | Orc:2    | Bought a potion of might for 60 gold pieces
 28975 | Orc:2    | Bought a potion of heal wounds for 75 gold pieces
 28975 | Orc:2    | Bought a potion of heal wounds for 75 gold pieces
 28975 | Orc:2    | Bought a potion of heal wounds for 75 gold pieces
 28975 | Orc:2    | Bought a potion of heal wounds for 75 gold pieces
 29418 | D:13     | Received a gift from Trog
 29881 | D:13     | You fall through a shaft for 2 floors!
 29881 | D:15     | Entered Level 15 of the Dungeon
 29934 | D:15     | Found a staircase to the Depths.
 30308 | D:15     | Reached XP level 16. HP: 144/147 MP: 15/15
 30399 | D:14     | Found a gate leading to a gauntlet.
 30495 | D:14     | Reached skill level 10 in Shields
 30525 | D:14     | Found Qomih's Book Shop.
 31714 | D:15     | Received a gift from Trog
 32402 | D:13     | Found a gate to the Vaults.
 32881 | Snake:1  | Entered Level 1 of the Snake Pit
 34045 | Snake:1  | Found Ymojeamp's General Store.
 34055 | Snake:1  | Found Son Diso's Antique Weapon Shoppe.
 34696 | Snake:2  | Reached skill level 15 in Shields
 35201 | Snake:2  | Noticed Vashnia
 35208 | Snake:2  | Reached skill level 1 in Evocations
 35218 | Snake:2  | Killed Vashnia
 35218 | Snake:2  | Reached skill level 15 in Fighting
 35227 | Snake:2  | Received a gift from Trog
 35273 | Snake:2  | Noticed Asterion
 35285 | Snake:2  | Noticed Aizul
 35291 | Snake:2  | Killed from afar by Aizul

Skill      XL: |  1  2  3  4  5  6  7  8  9 10 11 12 13 14 15 16 |
---------------+-------------------------------------------------+-----
Maces & Flails | 4 5 6 8 9 11 13 15 16 17 19 20 | 20.0
Fighting       | 4 5 6 7 8 10 11 12 13 14 15 | 15.1
Dodging        | 3 4 6 8 10 11 12 13 | 13.0
Armour         | 3 4 6 7 9 10 12 13 14 15 | 15.7
Shields        | 3 9 15 | 15.0
Evocations     | 2 |  2.2
Stealth        | |  0.9

Action                   |  1- 3 |  4- 6 |  7- 9 | 10-12 | 13-15 | 16-18 || total
-------------------------+-------+-------+-------+-------+-------+-------++-------
Melee: Mace              |    93 |     1 |       |       |       |       ||    94
       Headbutt          |    16 |    18 |    62 |   147 |   317 |    66 ||   626
       Flail             |       |   105 |   253 |   519 |       |       ||   877
       Dire flail        |       |       |       |   173 |   305 |       ||   478
       Great mace        |       |       |       |       |   246 |       ||   246
       Eveningstar       |       |       |       |       |   777 |   393 ||  1170
       Unarmed           |       |       |       |       |     3 |       ||     3
Invok: Berserk           |     1 |     3 |     6 |     8 |    15 |     3 ||    36
       Trog's Hand       |     1 |     2 |     2 |     2 |    16 |     1 ||    24
       Brothers in Arms  |       |       |       |     1 |     6 |     1 ||     8
  Use: Scroll            |       |       |    14 |     7 |    19 |     8 ||    48
       Potion            |       |       |       |     1 |     8 |     3 ||    12
  Eat: Chunk             |     1 |     6 |    17 |    36 |    34 |     9 ||   103
       Ration            |       |     1 |     2 |       |    11 |     3 ||    17
Armor: Animal skin       |     2 |       |       |       |       |       ||     2
       Leather armour    |    18 |     1 |       |       |       |       ||    19
       Chain mail        |       |    45 |   145 |    51 |       |       ||   241
       Plate armour      |       |       |       |   293 |   743 |   150 ||  1186
       Skin              |       |       |       |       |     1 |       ||     1
Dodge: Dodged            |    61 |    50 |    99 |   290 |   635 |   144 ||  1279
Block: Shield            |       |       |       |       |   417 |   239 ||   656
